AoeStats
← LukeMafra

Arabia

505048534Analyzed
4v4 RM · 25d ago on Sep 7, 2026· 49m 18s· 8 players
Game mode
Random Map
Map size
Large (8 player)
Population
200
Speed
Normal
Resources
Standard
Victory
Conquest
Starting age
Dark Age
Ending age
Imperial Age
RankedLock teamsTeams togetherTeam positionsShared explorationLock speedFull tech treeHidden civsTurbo modeCheats
Victory
Defeat
🇫🇷 Franks · France
731
+5
🇫🇷 Goths · France
622
+15
🇸🇦 Teutons · Saudi Arabia
579
+10
🇵🇱 Britons · Poland
573
+10
🇧🇷 Franks · Brazil
520
-10
🇧🇷 Spanish · Brazil
476
-9
🇨🇭 Spanish · Switzerland
450
-9
🇪🇸 Teutons · Spain
343
-6
yannito el bandito
12:03 Feudal Age
14:30 Wheelbarrow
14:06 Double-Bit Axe
17:28 Town Watch
22:12 Horse Collar
26:16 Castle Age
26:33 Stone Mining
26:33 Gold Mining
27:13 Hand Cart
27:10 Heavy Plow
27:24 Bow Saw
29:49 Stone Shaft Mining
28:50 Light Cavalry
32:01 Husbandry
32:12 Bloodlines
37:14 Imperial Age
37:19 Elite Conquistador
38:47 Scale Barding Armor
38:53 Forging
40:18 Two-Man Saw
40:00 Chain Barding Armor
42:13 Hussar
LukeMafra
8:02 Loom
10:17 Feudal Age
23:30 Castle Age
34:32 Imperial Age
32:06 Double-Bit Axe
37:07 Padded Archer Armor
37:14 Scale Barding Armor
36:31 Cavalier
37:55 Elite Throwing Axeman
40:18 #83
46:58 Leather Archer Armor
47:03 Chain Barding Armor
ToniTuercas
0:40 Loom
13:19 Feudal Age
16:14 Horse Collar
19:02 Double-Bit Axe
22:57 Town Watch
23:12 Gold Mining
24:58 Wheelbarrow
25:04 Stone Mining
34:46 Man-at-Arms
40:32 Castle Age
43:25 Ironclad
Coronel Calcinha
11:18 Feudal Age
15:14 Double-Bit Axe
17:30 Gold Mining
21:41 Man-at-Arms
29:59 Castle Age
28:38 Arson
28:48 Stone Mining
30:55 Bow Saw
31:18 Long Swordsman
31:19 Pikeman
31:44 Gambesons
32:00 Squires
37:11 Horse Collar
40:11 Stone Shaft Mining
xelar
8:14 Loom
10:31 Feudal Age
11:28 Double-Bit Axe
12:21 Wheelbarrow
16:13 Castle Age
14:54 Stone Mining
18:02 Bow Saw
23:12 Scale Barding Armor
23:20 Forging
25:27 Chain Barding Armor
28:17 Iron Casting
28:45 Husbandry
29:33 Gold Mining
34:57 Imperial Age
34:45 Hand Cart
34:16 Town Watch
34:35 Fletching
36:16 Plate Barding Armor
36:42 Blast Furnace
35:39 Bodkin Arrow
36:07 Conscription
35:49 Chivalry
35:14 Cavalier
39:19 Paladin
tchodor16
10:53 Feudal Age
12:04 Double-Bit Axe
12:03 Horse Collar
13:00 Wheelbarrow
20:40 Castle Age
22:15 Scale Mail Armor
22:29 Forging
22:11 Fletching
22:25 Padded Archer Armor
22:58 Hand Cart
24:25 Heavy Plow
24:41 Bow Saw
24:45 Pikeman
25:28 Squires
25:16 Arson
26:45 Crossbowman
41:49 Imperial Age
41:55 Halberdier
45:24 Chain Mail Armor
45:46 Iron Casting
45:08 Bodkin Arrow
45:29 Leather Archer Armor
Clemcul
15:01 Feudal Age
24:09 Castle Age
25:02 Loom
25:11 Loom
25:33 Padded Archer Armor
25:24 Fletching
25:40 Scale Barding Armor
25:36 Scale Mail Armor
25:47 Forging
26:53 Squires
26:14 Pikeman
26:14 Man-at-Arms
27:39 Long Swordsman
30:53 Elite Skirmisher
30:54 Crossbowman
37:16 Wheelbarrow
36:27 Town Watch
45:58 Anarchy
46:29 Hand Cart
46:15 Town Patrol
48:05 Leather Archer Armor
47:45 Bodkin Arrow
48:11 Chain Barding Armor
xTc
11:27 Feudal Age
11:48 Horse Collar
11:54 Double-Bit Axe
17:57 Gold Mining
20:37 Castle Age
23:19 Wheelbarrow
23:29 Bow Saw
23:22 Heavy Plow
23:15 Stone Mining
24:02 Caravan
24:38 Coinage
24:38 Pikeman
26:12 Squires
26:34 Elite Skirmisher
36:52 Imperial Age
37:54 Capped Ram
40:24 Banking
Connection lost

Rejoining the realm…

Still unreachable

The connection could not be restored.

Session expired

The server has moved on; the page needs a fresh start.